 Dungeon Crawl Stone Soup version 0.19.0-19-g8c6edcc (webtiles) character file.

38 GlenndL the Sneak (level 3, 0/28 HPs)
             Began as a Formicid Assassin on Nov 14, 2016.
             Slain by a kobold
             ... wielding a +0 club
              (6 damage)
             ... on level 2 of the Dungeon.
             The game lasted 00:06:08 (1064 turns).

GlenndL the Sneak (Formicid Assassin)               Turns: 1064, Time: 00:06:09

Health: 0/28       AC:  3    Str: 16    XL:     3   Next: 65%
Magic:  3/3        EV: 12    Int: 10    God:
Gold:   44         SH:  0    Dex: 12    Spells: 0 memorised, 2 levels left

rFire  . . .     SeeInvis +     a - +2 dagger
rCold  . . .     Gourm    .     c - +0 robe
rNeg   . . .     Faith    .     (no shield)
rPois  .         Spirit   .     (helmet unavailable)
rElec  .         Reflect  .     d - +0 cloak
rCorr  .         Harm     .     (no gloves)
MR     .....                    (no boots)
Stlth  +++.......               (no amulet)
                                (no ring)
                                (no ring)

@: no status effects
A: permanent stasis, dig shafts and tunnels, four strong arms, antennae 3
a: Dig, Shaft Self


You were on level 2 of the Dungeon.
You were not hungry.

You visited 1 branch of the dungeon, and saw 2 of its levels.

You collected 44 gold pieces.

Inventory:

Hand Weapons
 a - a +2 dagger (weapon)
 b - a +0 blowgun
Missiles
 e - 8 poisoned needles
 f - 2 curare-tipped needles
Armour
 c - a +0 robe (worn)
 d - a +0 cloak (worn)
Jewellery
 i - an uncursed ring of positive energy {unknown}
Scrolls
 h - a scroll of amnesia {unknown}
 k - a scroll of magic mapping {unknown}
 l - a scroll of remove curse {unknown}
Comestibles
 g - 2 bread rations
 m - a meat ration


   Skills:
 + Level 2.4 Fighting
 + Level 2.2 Short Blades
 + Level 2.2 Throwing
 + Level 1.1 Dodging
 + Level 5.8 Stealth


You had 2 spell levels left.
You didn't know any spells.

Dungeon Overview and Level Annotations

Branches:
Dungeon (2/15)

Altars:
Uskayaw


Innate Abilities, Weirdness & Mutations

You are under a permanent stasis effect.
You can dig through walls and to a lower floor.
Your four strong arms can wield two-handed weapons with a shield.
You have a pair of large antennae on your head. (SInv)


Message History

The bat barely misses you.
You see here an onyx ring.
The bat barely misses you. The bat misses you.
The bat hits you but does no damage. The bat misses you.
The bat hits you but does no damage.
A rat comes into view.
The kobold shouts!
The bat misses you. The bat hits you but does no damage.
A giant cockroach comes into view.
You closely miss the bat. The bat misses you. The bat closely misses you.
The bat closely misses you. The bat barely misses you.
You closely miss the bat. The bat hits you.
* * * LOW HITPOINT WARNING * * *
You hit the kobold.
The kobold is heavily wounded.
The bat hits you but does no damage. The kobold hits you with a club.
You die...

#..#._... {
((#?...# .......
##....## ...... #.
......#...... #.
#.....#...s.##
#.####.#.#.#......#
#........#....#r..
##.....†....###K#
#.......##.#.b@#
#.......##.#.###
#[........†.=#
####...#.###...#
#..>.†.#.# ###...#
#.###..#.# ##.#
##.##...#.# .#
....<.#.#.# #
#.)####.#.#


You could see a giant cockroach, a bat, a kobold and a rat.

Vanquished Creatures
  An adder (D:2)
  A dart slug (D:1)
  A leopard gecko (D:1)
  2 giant cockroaches (D:1)
  A goblin (D:1)
  6 hobgoblins
  2 jackals (D:1)
  4 bats
  2 frilled lizards (D:1)
  2 kobolds (D:1)
  3 rats
25 creatures vanquished.

Notes
Turn   | Place    | Note
-------+----------+-------------------------------------------
     0 | D:1      | GlenndL the Formicid Assassin began the quest for the Orb.
     0 | D:1      | Reached XP level 1. HP: 16/16 MP: 1/1
    32 | D:1      | Reached skill level 1 in Dodging
    32 | D:1      | Reached skill level 5 in Stealth
   119 | D:1      | Reached XP level 2. HP: 22/22 MP: 2/2
   638 | D:1      | Reached XP level 3. HP: 16/27 MP: 3/3
   905 | D:2      | HP: 1/27 [adder (2)]
   954 | D:2      | Noticed a hand axe
   960 | D:2      | Noticed a dagger
   960 | D:2      | Found a hide-covered altar of Uskayaw.
  1064 | D:2      | Slain by a kobold

Skill      XL: |  1 |
---------------+----+-----
Dodging        | 1 |  1.1
Stealth        | 5 |  5.8
Fighting       | |  2.4
Short Blades   | |  2.2
Throwing       | |  2.2

Action                   || total
-------------------------++-------
Melee: Dagger            ||   128
 Abil: Dig               ||     6
  Use: Potion            ||     2
 Stab: Sleeping          ||     3
  Eat: Meat ration       ||     1
Armor: Robe              ||    68
Dodge: Dodged            ||   130
